 Dungeon Crawl Stone Soup version 0.24-a0-365-ga4d96b6e6e (webtiles) character file.

Game seed: 12134042449634091213

4081 mopl the Slicer (level 10, -1/57 HPs)
             Began as a Deep Elf Skald on May 27, 2019.
             Was a High Priest of Cheibriados.
             Slain by a two-headed ogre
             ... wielding a +0 giant club
              (21 damage)
             ... on level 7 of the Dungeon.
             The game lasted 00:16:45 (6469 turns).

mopl the Slicer (Deep Elf Skald)                    Turns: 6469, Time: 00:16:46

Health: -1/57      AC:  3    Str: 22    XL:     10   Next: 5%
Magic:  0/18       EV: 18    Int: 34    God:    Cheibriados [*****.]
Gold:   365        SH:  7    Dex: 30    Spells: 6/17 levels left

rFire    . . .     SeeInvis .   a - +2 dagger (venom)
rCold    . . .     Gourm    .   A - +0 buckler
rNeg     . . .     Faith    .   b - +0 leather armour
rPois    .         Spirit   +   (no helmet)
rElec    .         Reflect  .   q - scarf {Spirit}
rCorr    .         Harm     .   (no gloves)
MR       +....                  (no boots)
Stlth    ++........             y - amulet of regeneration
HPRegen  0.59/turn              B - +5 ring of dexterity
MPRegen  0.16/turn              G - +4 ring of intelligence

@: singing, very slow
A: no striking features
a: Bend Time, Temporal Distortion, Slouch, Step From Time, Renounce Religion


You were on level 7 of the Dungeon.
You worshipped Cheibriados.
Cheibriados was extremely pleased with you.
You were not hungry.

You visited 1 branch of the dungeon, and saw 7 of its levels.

You collected 365 gold pieces.

Inventory:

Hand Weapons
 a - a +2 dagger of venom (weapon)
 g - a +0 short sword
 E - a cursed +1 scimitar of protection
Missiles
 f - 11 javelins (quivered)
 m - 19 poisoned darts
 z - 8 boomerangs
Armour
 b - a +0 leather armour (worn)
 q - a scarf of spirit shield (worn)
 u - a +0 scale mail
 A - a +0 buckler (worn)
 D - a +0 ring mail
 I - a +0 chain mail
Jewellery
 k - an uncursed ring of wizardry
 r - an uncursed ring of flight
 w - a +3 amulet of reflection
 y - an amulet of regeneration (around neck)
 B - a +5 ring of dexterity (left hand)
 G - a +4 ring of intelligence (right hand)
Scrolls
 e - a scroll of amnesia {unknown}
 i - 2 scrolls of teleportation {unknown}
 l - 2 scrolls of remove curse {unknown}
 s - 3 scrolls of blinking {unknown}
 v - a scroll of enchant weapon {unknown}
 F - 2 scrolls of silence {unknown}
 J - a scroll of magic mapping {unknown}
Potions
 c - 2 potions of brilliance
 h - 2 potions of agility {unknown}
 j - a potion of resistance
 n - a potion of flight
 o - 2 potions of lignification {unknown}
 p - a potion of might {unknown}
 t - 3 potions of curing {unknown}
 x - a potion of invisibility {unknown}
 C - a potion of degeneration {unknown}
 L - a potion of mutation {unknown}
Comestibles
 d - 11 rations
 H - 11 chunks of flesh


   Skills:
 + Level 4.2 Fighting
 * Level 9.0 Short Blades
 + Level 3.1 Throwing
 - Level 0.7 Armour
 + Level 6.1 Dodging
 + Level 2.8 Shields
 - Level 4.0 Spellcasting
 - Level 2.0 Hexes
 - Level 7.0 Charms
 - Level 2.0 Necromancy
 - Level 2.0 Translocations
 + Level 6.2 Invocations


You had 6 spell levels left.
You knew the following spells:

 Your Spells              Type           Power        Failure   Level  Hunger
a - Infusion              Chrm           ####         1%          1    None
b - Song of Slaying       Chrm           ######..     1%          2    None
c - Spectral Weapon       Hex/Chrm       #####...     3%          3    #......
f - Shroud of Golubria    Chrm/Tloc      #####.....   1%          2    None
r - Regeneration          Chrm/Necr      #####.....   3%          3    #......

Your spell library contained the following spells:

 Spells                   Type           Power        Failure   Level  Hunger


Dungeon Overview and Level Annotations

Branches:
Dungeon (7/15)
 Temple: D:4-7

Altars:
Cheibriados
Dithmenos
Elyvilon
Fedhas
Gozag
Hepliaklqana
Nemelex Xobeh
Okawaru
Ru
Uskayaw
Yredelemnul
The Shining One

Annotations:
D:2 dig


Message History

The two-headed ogre is severely wounded.
Your spectral weapon hits the two-headed ogre.
The two-headed ogre looks as sick as possible!
The two-headed ogre misses you.
The two-headed ogre completely misses you.
You completely miss the two-headed ogre.
The two-headed ogre is severely wounded.
Your spectral weapon hits the two-headed ogre.
The two-headed ogre looks as sick as possible!
The phantom closely misses you.
The crimson imp hits your spectral weapon.
Your spectral weapon shares its damage with you!
You hit the two-headed ogre.
The two-headed ogre looks as sick as possible!
The two-headed ogre is almost dead.
You hear a loud, deep croak!
Your spectral weapon hits the two-headed ogre but does no damage.
You block the two-headed ogre's attack.
The two-headed ogre hits you with a +0 giant club!!
You die...

#..# #..#.###.#
#...###...#..##.#
#.......##.....#
#.....# #รท###.#
#####.#####.# #.#
#.$.........# #.#
#..:#####.### #..
# #...# #.# ###
#.##(@W# #.#
#.l5O#.# #>#
#...##.#.# #.#
#.. #.#.# ..# ...
#.#.# .## /#.
#.#.# # #[#.#
....# ?#


You could see a two-headed ogre, a phantom, a wyvern, a crimson imp and a
friendly spectral +2 dagger of venom.

Vanquished Creatures
  Pikel (D:5)
  A manticore (D:7)
  Prince Ribbit (D:7)
  A wraith (D:7)
  A yak (D:7)
  A vampire mosquito (D:7)
  An ice beast (D:5)
  3 black bears
  2 sky beasts
  2 phantoms
  2 ogres
  A centaur (D:5)
  3 bullfrogs
  A big kobold (D:7)
  2 scorpions (D:5)
  3 wights (D:6)
  3 howler monkeys
  2 crimson imps (D:6)
  4 hounds
  A jelly (D:7)
  A gnoll shaman (D:7)
  6 human zombies (D:7)
  An orc priest (D:6)
  A bullfrog skeleton (D:7)
  2 human skeletons (D:7)
  4 orc wizards
  8 worker ants
  3 mummies (D:7)
  A worker ant zombie (D:6)
  12 adders
  A shadow imp (D:6)
  2 oozes (D:7)
  An adder skeleton (D:4)
  2 worms (D:2)
  A dart slug (D:1)
  3 leopard geckos
  14 orcs
  9 bats
  9 giant cockroaches
  13 hobgoblins
  4 jackals
  17 kobolds
  2 quokkas
  7 frilled lizards
  9 goblins
  A jackal zombie (D:7)
  A leopard gecko skeleton (D:4)
  A quokka skeleton (D:7)
  A quokka zombie (D:7)
  2 rats
175 creatures vanquished.

Vanquished Creatures (others)
  An ice beast (D:5)
  A worker ant (D:5)
  A hound zombie (D:5)
3 creatures vanquished.

Grand Total: 178 creatures vanquished

Notes
Turn   | Place    | Note
-------+----------+-------------------------------------------
     0 | D:1      | mopl the Deep Elf Skald began the quest for the Orb.
     0 | D:1      | Reached XP level 1. HP: 12/12 MP: 6/6
   439 | D:1      | Reached XP level 2. HP: 14/16 MP: 0/8
   447 | D:1      | Learned a level 2 spell: Song of Slaying
   450 | D:1      | Learned a level 2 spell: Shroud of Golubria
   979 | D:1      | Reached skill level 3 in Short Blades
   979 | D:1      | Reached skill level 5 in Charms
  1307 | D:2      | Found a snail-covered altar of Cheibriados.
  1337 | D:2      | Reached XP level 3. HP: 13/20 MP: 1/9
  1348 | D:2      | Became a worshipper of Cheibriados the Contemplative
  1587 | D:2      | Found a shadowy altar of Dithmenos.
  1902 | D:2      | Reached * piety under Cheibriados
  2140 | D:2      | Learned a level 3 spell: Spectral Weapon
  2219 | D:2      | Reached XP level 4. HP: 24/25 MP: 4/11
  2295 | D:2      | Reached skill level 1 in Invocations
  2624 | D:3      | Found a hide-covered altar of Uskayaw.
  2810 | D:3      | Found a blossoming altar of Fedhas.
  2827 | D:3      | Reached ** piety under Cheibriados
  3045 | D:3      | Found an opulent altar of Gozag.
  3045 | D:3      | Found a sparkling altar of Nemelex Xobeh.
  3261 | D:3      | Found a white marble altar of Elyvilon.
  3261 | D:3      | Found an iron altar of Okawaru.
  3268 | D:3      | Found a faded altar of an unknown god.
  3270 | D:3      | Found a glowing golden altar of the Shining One.
  3272 | D:3      | Found a faded altar of an unknown god.
  3471 | D:4      | Reached skill level 4 in Short Blades
  3471 | D:4      | Reached XP level 5. HP: 28/29 MP: 3/12
  3562 | D:4      | Learned a level 3 spell: Regeneration
  3586 | D:4      | Reached skill level 4 in Spellcasting
  3618 | D:4      | Reached skill level 2 in Invocations
  3632 | D:4      | Reached skill level 6 in Charms
  3632 | D:4      | Reached XP level 6. HP: 22/34 MP: 0/14
  3868 | D:4      | Found a glowing golden altar of the Shining One.
  3896 | D:4      | Reached skill level 5 in Short Blades
  4029 | D:5      | Entered Level 5 of the Dungeon
  4137 | D:5      | Reached *** piety under Cheibriados
  4137 | D:5      | Reached skill level 3 in Invocations
  4263 | D:5      | Reached XP level 7. HP: 38/38 MP: 13/15
  4329 | D:5      | Reached skill level 7 in Charms
  4337 | D:5      | Found a hazy altar of Hepliaklqana.
  4361 | D:5      | Noticed Pikel
  4375 | D:5      | Reached skill level 6 in Short Blades
  4392 | D:5      | Killed Pikel
  4392 | D:5      | Reached skill level 2 in Fighting
  4392 | D:5      | Reached skill level 3 in Dodging
  4392 | D:5      | Reached skill level 4 in Invocations
  4392 | D:5      | Reached XP level 8. HP: 26/45 MP: 0/16
  4554 | D:5      | Reached skill level 4 in Dodging
  4580 | D:5      | Reached skill level 7 in Short Blades
  4631 | D:5      | Reached skill level 1 in Hexes
  4631 | D:5      | Reached skill level 1 in Necromancy
  4662 | D:5      | Reached skill level 1 in Translocations
  5099 | D:6      | Reached skill level 3 in Fighting
  5099 | D:6      | Reached skill level 2 in Hexes
  5114 | D:6      | Reached skill level 2 in Necromancy
  5389 | D:6      | Reached skill level 1 in Shields
  5389 | D:6      | Reached skill level 5 in Invocations
  5523 | D:6      | Reached skill level 2 in Translocations
  5526 | D:6      | Reached XP level 9. HP: 40/50 MP: 10/17
  5527 | D:6      | Reached **** piety under Cheibriados
  5531 | D:6      | Reached skill level 1 in Throwing
  5866 | D:7      | Noticed Prince Ribbit
  5888 | D:7      | Killed Prince Ribbit
  5888 | D:7      | Reached skill level 8 in Short Blades
  5888 | D:7      | Reached skill level 5 in Dodging
  6001 | D:7      | Reached skill level 2 in Throwing
  6002 | D:7      | Found a basalt altar of Yredelemnul.
  6054 | D:7      | Reached skill level 2 in Shields
  6326 | D:7      | Found a sacrificial altar of Ru.
  6401 | D:7      | Noticed a manticore
  6416 | D:7      | Killed a manticore
  6416 | D:7      | Reached ***** piety under Cheibriados
  6416 | D:7      | Reached skill level 4 in Fighting
  6416 | D:7      | Reached skill level 6 in Invocations
  6432 | D:7      | Reached skill level 6 in Dodging
  6439 | D:7      | Reached skill level 3 in Throwing
  6445 | D:7      | Reached XP level 10. HP: 45/57 MP: 6/18
  6457 | D:7      | Reached skill level 9 in Short Blades
  6461 | D:7      | Noticed a two-headed ogre
  6469 | D:7      | Slain by a two-headed ogre

Levels and vault maps discovered:
D:1:      sevenhm_arrival_forest_fort_small_6, layout_loops_ring,
          minmay_pentomino_s2
D:2:      layout_rooms, nicolae_dithmenos_shadow_blocks, cheibriados_altar_1,
          serial_glass, glass_columns_a, glass_columns_a, due_unseen_surprise,
          hangedman_decor_clover_reticule
D:3:      layout_basic, grunt_temple_overflow_opulence,
          eat_drink_and_be_merry_uskayaw, chequers_temple_overflow_minitemple,
          lemuel_crystal_altar, first_ration
D:4:      layout_cave_pools, tso_altar
D:5:      layout_loops_corners, overflow_temple_1_default, uniq_pikel
D:6:      layout_loops_ring
D:7:      minmay_the_grid_plus [minmay_the_grid_tiny_cups,
          minmay_the_grid_diamond_grid, minmay_the_grid_outer_circle,
          minmay_the_grid_pillar_ring,
          minmay_the_grid_prize_four_corners_diamond_b], layout_loops_ring,
          lemuel_mausoleum_altar_yredelemnul, nicolae_ru_sacrificial_ziggurat,
          uniq_prince_ribbit1

Skill      XL: |  1  2  3  4  5  6  7  8  9 10 |
---------------+-------------------------------+-----
Short Blades   | 3 4 5 6 7 8 9 |  9.0
Charms         | 5 6 7 |  7.0
Invocations    | 1 2 3 4 5 6 |  6.2
Spellcasting   | 4 |  4.0
Fighting       | 2 3 4 |  4.2
Dodging        | 3 4 6 |  6.1
Hexes          | 2 |  2.0
Necromancy     | 2 |  2.0
Translocations | 2 |  2.0
Shields        | 1 2 |  2.8
Throwing       | 3 |  3.1
Armour         | |  0.7

Action                   |  1- 3 |  4- 6 |  7- 9 | 10-12 || total
-------------------------+-------+-------+-------+-------++-------
Melee: Short sword       |    33 |       |       |       ||    33
       Dagger            |    94 |   169 |   496 |    20 ||   779
Throw: Javelin           |       |     4 |     3 |       ||     7
 Cast: Infusion          |    11 |     9 |     5 |       ||    25
       Shroud of Golubri |     6 |     9 |    13 |       ||    28
       Song of Slaying   |     3 |     3 |     6 |       ||    12
       Regeneration      |       |     2 |     2 |       ||     4
       Spectral Weapon   |       |     1 |    12 |     1 ||    14
  Use: Scroll            |       |     5 |       |       ||     5
       Potion            |       |       |     2 |       ||     2
 Stab: Sleeping          |     1 |       |     8 |       ||     9
       Distracted        |       |       |     2 |       ||     2
  Eat: Chunk             |     4 |     4 |     5 |       ||    13
Armor: Leather armour    |    26 |    30 |    35 |     2 ||    93
Dodge: Dodged            |    95 |   113 |   204 |    10 ||   422
Block: Buckler           |       |       |    71 |     6 ||    77

Table legend:
 A = Non-vault XP
 B = Vault XP
 C = Vault XP percentage of total XP
 D = Non-vault monster count
 E = Vault monster count
 F = Vault count percentage of total count
                 A         B        C        D         E       F
            +---------+---------+-------+---------+---------+-------
      Total |    2805 |    3026 |  51.9 |     147 |      29 |  16.5
            +---------+---------+-------+---------+---------+-------
        D:1 |      39 |       3 |   7.1 |      25 |       1 |   3.8
        D:2 |      80 |       0 |   0.0 |      30 |       0 |   0.0
        D:3 |      34 |       0 |   0.0 |      12 |       0 |   0.0
        D:4 |     379 |       0 |   0.0 |      21 |       0 |   0.0
        D:5 |     869 |     651 |  42.8 |      15 |       1 |   6.2
        D:6 |     941 |       0 |   0.0 |      27 |       0 |   0.0
        D:7 |     463 |    2372 |  83.7 |      17 |      27 |  61.4
            +---------+---------+-------+---------+---------+-------
